 Dungeon Crawl Stone Soup version 0.30.1-9-gdf580d7c3d (webtiles) character file.

Game seed: 1865844072614248434

35 Eitelfritz the Trooper (level 3, 0/33 HPs)
             Began as a Hill Orc Fighter on Oct 13, 2023.
             Slain by an orc wizard
             ... wielding a +0 dagger
              (4 damage)
             ... on level 2 of the Dungeon.
             The game lasted 00:02:41 (547 turns).

Eitelfritz the Trooper (Hill Orc Fighter)            Turns: 547, Time: 00:02:41

Health: 0/33       AC:  8    Str: 20    XL:     3   Next: 35%
Magic:  3/3        EV:  9    Int:  8    God:
Gold:   24         SH:  4    Dex: 10    Spells: 2/2 levels left

rFire   . . .        a - +0 war axe
rCold   . . .        c - +0 buckler
rNeg    . . .        b - +0 scale mail
rPois   .            e - +0 helmet
rElec   .            (no cloak)
rCorr   .            (no gloves)
SInv    .            (no boots)
Will    .....        (no amulet) Stlth
                     (no ring)
HPRegen 0.25/turn    (no ring)
MPRegen 0.08/turn

%: no passive effects
@: no status effects
A: no striking features
a: no special abilities


You were on level 2 of the Dungeon.
You visited 1 branch of the dungeon, and saw 2 of its levels.

You collected 24 gold pieces.

Inventory:

Hand Weapons
 a - a +0 war axe (weapon)
Armour
 b - a +0 scale mail (worn)
 c - a +0 buckler (worn)
 e - a +0 helmet (worn)
Jewellery
 i - a ring of positive energy
Scrolls
 f - 2 scrolls of teleportation {unknown}
 h - a scroll of enchant armour {unknown}
Potions
 d - a potion of might
 g - a potion of heal wounds {unknown}


   Skills:
 + Level 4.0 Fighting
 + Level 3.3 Axes
 + Level 3.8 Armour
 + Level 0.3 Dodging
 + Level 3.5 Shields


You had 2 spell levels left.
You didn't know any spells.
Your spell library contained the following spells:

 Spells                   Type           Power      Damage    Failure   Level
 Leda's Liquefaction      Hex/Erth       0%         N/A       100%        4
 Lee's Rapid Deconstruct  Erth           0%         3d4*      100%        5
 Statue Form              Tmut/Erth      0%         N/A       100%        6


Dungeon Overview and Level Annotations

Branches:
Dungeon (1/15)

Altars:


Message History

You miss something.
You hear some strange, mumbled words.
A magic dart appears from out of thin air!
The magic dart hits you.
A worm comes into view.
You closely miss something.
You hear some strange, mumbled words.
A magic dart appears from out of thin air!
The magic dart hits you. Something hits you.
You barely miss something.
You hear some strange, mumbled words.
A puff of flame appears from out of thin air!
The puff of flame misses you.
You barely miss something. Something hits you but does no damage.
You closely miss something.
Something hits you but does no damage. x2
You closely miss something. Something hits you but does no damage.
You barely miss something. Something hits you but does no damage.
You slash something! You block something's attack.
Something hits you but does no damage.
You miss something.
You hear some strange, mumbled words.
A magic dart appears from out of thin air!
The magic dart hits you but does no damage.
You hit something but do no damage. Something hits you.
You hear some strange, mumbled words.
A puff of flame appears from out of thin air!
The puff of flame hits you!
* * * LOW HITPOINT WARNING * * *
The frilled lizard unfolds its giant frill.
You miss something. Something hits you but does no damage.
You hit something. Something hits you but does no damage.
You closely miss something. Something hits you but does no damage.
You hear some strange, mumbled words.
A magic dart appears from out of thin air!
The magic dart hits you.
* * * LOW HITPOINT WARNING * * *
You barely miss something. Something hits you but does no damage.
You miss something. Something hits you but does no damage.
You barely miss something. Something hits you.
You die...

#.. ............ #..###.#...#...#
#....#.#...#...# .
#...........###..
#............... ##.†...........#
######.....wl..S....
#.........##{#...... ####
#.####.#..##@#...... .... #.#
#.#..##.# ############## #.#
#.#..##.# #............ . #.#
#.##....# #............ .. #.#
#.#...#.. #............ ..###.#
#.#...#.# #............ ......#
#.#...#.# ##............ ......#
#.#...#.#.##............
..##..####.#...#.#.##............


You could see a worm and a frilled lizard.

Vanquished Creatures
  A worm (D:2)
  2 dart slugs
  An orc (D:2)
  A bat (D:2)
  2 endoplasms
  5 goblins
  A hobgoblin (D:2)
  6 kobolds
  2 quokkas (D:1)
  3 ball pythons
24 creatures vanquished.

Notes
Turn   | Place    | Note
-------+----------+-------------------------------------------
     0 | D:1      | Eitelfritz the Hill Orc Fighter began the quest for the
                  | Orb.
     0 | D:1      | Reached XP level 1. HP: 19/19 MP: 1/1
   129 | D:1      | Reached XP level 2. HP: 27/27 MP: 2/2
   222 | D:1      | You fall into a shaft and drop 1 floor!
   222 | D:2      | Found a faded altar of an unknown god.
   224 | D:2      | Found a faded altar of an unknown god.
   409 | D:2      | Reached XP level 3. HP: 33/33 MP: 3/3
   489 | D:2      | Reached skill level 4 in Fighting
   547 | D:2      | Slain by an orc wizard

Illustrated notes

Levels and vault maps discovered:
D:1:      dpeg_arrival_tiny_e, layout_basic
D:2:      layout_basic, hellmonk_ecumenical_altar_the_god_not_taken

Skill      XL: |  1  2  3 |
---------------+----------+-----
Axes           | 3 |  3.3
Fighting       | 4 |  4.0
Armour         | |  3.8
Dodging        | |  0.3
Shields        | |  3.5

Action                     || total
---------------------------++-------
  Melee: War axe           ||    85
 Armour: Scale mail        ||    66
  Dodge: Dodged            ||    27
  Block: Buckler           ||    21
